 Dungeon Crawl Stone Soup version 0.21.1-1-g345015f (webtiles) character file.

434 kae the Insei (level 6, -1/46 HPs)
             Began as a Demonspawn Transmuter on June 12, 2018.
             Slain by a worker ant (5 damage)
             ... on level 4 of the Dungeon.
             The game lasted 00:05:19 (5450 turns).

kae the Insei (Demonspawn Transmuter)               Turns: 5450, Time: 00:05:21

Health: -1/46      AC:  9    Str: 10    XL:     6   Next: 67%
Magic:  10/10      EV: 11    Int: 14    God:
Gold:   130        SH:  0    Dex: 16    Spells: 5/11 levels left

rFire    . . .     SeeInvis .   (no weapon)
rCold    . . .     Gourm    .   (no shield)
rNeg     . . .     Faith    .   i - +2 robe {MR+}
rPois    .         Spirit   .   (helmet restricted)
rElec    .         Reflect  .   (no cloak)
rCorr    .         Harm     .   (no gloves)
MR       +....                  o - +2 pair of boots
Stlth    +.........             (no amulet)
HPRegen  0.15/turn              (no ring)
MPRegen  0.12/turn              (no ring)

@: lethally poisoned (-1 -> -7), very heavily drained
A: antennae 2, slimy green scales 1
a: no special abilities


You were on level 4 of the Dungeon.
You were hungry.

You visited 1 branch of the dungeon, and saw 4 of its levels.

You collected 130 gold pieces.

Inventory:

Missiles
 a - 13 arrows
Armour
 i - a +2 robe of magic resistance (worn)
 o - a +2 pair of boots (worn)
Jewellery
 b - an uncursed amulet of faith
 h - an uncursed ring of see invisible {unknown}
Wands
 n - a wand of disintegration (14)
Scrolls
 g - a scroll of remove curse {unknown}
 k - a scroll of enchant armour
 p - 2 scrolls of identify
Potions
 e - 2 potions of mutation
 f - a potion of heal wounds
 j - 3 potions of curing {unknown}
 l - a potion of haste {unknown}
 m - a potion of degeneration {unknown}
Books
 c - a book of Changes

   Spells                             Type                      Level
   a - Beastly Appendage              Transmutation                1
   b - Sticks to Snakes               Transmutation                2
   c - Spider Form                    Transmutation/Poison         3
   d - Ice Form                       Ice/Transmutation            4
   e - Blade Hands                    Transmutation                5
Comestibles
 d - 2 rations


   Skills:
 + Level 2.7(0.0) Fighting
 + Level 3.2(0.0) Dodging
 * Level 4.5(0.2) Unarmed Combat
 + Level 3.2(0.0) Spellcasting
 + Level 3.0(0.0) Transmutations


You had 5 spell levels left.
You knew the following spells:

 Your Spells              Type           Power        Failure   Level  Hunger
a - Beastly Appendage     Tmut           #.....       28%         1    ##.....
b - Sticks to Snakes      Tmut           #.......     41%         2    ###....
c - Spider Form           Tmut/Pois      #.........   65%         3    ####...


Dungeon Overview and Level Annotations

Branches:
Dungeon (4/15)             Temple (0/1) D:4

Altars:
Elyvilon
Okawaru
Vehumet
Yredelemnul

Annotations:
D:3 inc's ghost, amateur OpSk


Innate Abilities, Weirdness & Mutations

You have a pair of antennae on your head.
You are partially covered in slimy green scales. (AC +2)


Message History

The orc wizard gestures at you while chanting.
The puff of flame misses you. The worker ant closely misses you.
Unknown command.
You miss the orc wizard.
The orc wizard is severely wounded.
The orc wizard hits you but does no damage.
The worker ant bites you but does no damage.
The orc wizard barely misses you.
Unknown command.
You barely miss the orc wizard.
The orc wizard is severely wounded.
* * * LOW HITPOINT WARNING * * *
You feel sick. The worker ant barely misses you.
The orc wizard hits you but does no damage.
Unknown command.
You barely miss the orc wizard.
The orc wizard is severely wounded.
* * * LOW HITPOINT WARNING * * *
You feel sick. The orc wizard closely misses you. The worker ant bites you.
You die...

#...##..o)...## #####.......
#...####h#....# #...........
###'####{#..#.###.###.......
#.....##.#>....##.# #####.##
#.....##.##.#..#..# #.#
#.....##.##....#.## #.#
+..>..'...........# #.#
#.....#...a.......# #.
#.....#...o@......#
#.....#.#.........#
###+###......#..###
[...#......(# .....#.#......
...### .....#.##.....# #....
.....#.. ..##.. #.### ... .#
..#


You could see a worker ant and an orc wizard.

Vanquished Creatures
  An ogre (D:4)
  A crimson imp (D:2)
  An orc wizard (D:3)
  Jessica (D:2)
  Terence (D:3)
  3 worker ants (D:4)
  4 gnolls
  4 adders
  An ooze (D:3)
  An adder skeleton (D:4)
  2 worms (D:3)
  A dart slug (D:3)
  A leopard gecko (D:3)
  6 orcs
  A ball python (D:3)
  6 giant cockroaches
  11 goblins
  9 hobgoblins
  4 jackals
  7 kobolds
  2 quokkas
  A ball python skeleton (D:4)
  3 bats
  4 frilled lizards
  A leopard gecko skeleton (D:4)
  7 rats
84 creatures vanquished.

Notes
Turn   | Place    | Note
-------+----------+-------------------------------------------
     0 | D:1      | kae the Demonspawn Transmuter began the quest for the Orb.
     0 | D:1      | Reached XP level 1. HP: 15/15 MP: 3/3
   350 | D:1      | Lost mutation: You have a pair of horns on your head. [demonic ancestry]
   350 | D:1      | Lost mutation: You have a pair of small horns on your head. [demonic ancestry]
   350 | D:1      | Gained mutation: You have a pair of small antennae on your head. [demonic ancestry]
   350 | D:1      | Reached XP level 2. HP: 13/21 MP: 3/5
   352 | D:1      | Reached skill level 3 in Unarmed Combat
   699 | D:1      | HP: 1/21 [gnoll/club (3)]
   761 | D:1      | Reached XP level 3. HP: 7/26 MP: 4/6
   975 | D:1      | Learned a level 2 spell: Sticks to Snakes
   979 | D:1      | Learned a level 3 spell: Spider Form
  1166 | D:2      | Noticed Jessica
  1239 | D:2      | Killed Jessica
  1312 | D:2      | Gained mutation: You have a pair of antennae on your head. [demonic ancestry]
  1312 | D:2      | Reached XP level 4. HP: 23/33 MP: 7/7
  2350 | D:3      | Noticed inc's ghost (amateur OpSk)
  2375 | D:2      | Gained mutation: You are partially covered in slimy green scales. (AC +2) [demonic ancestry]
  2375 | D:2      | Reached XP level 5. HP: 24/38 MP: 6/8
  2523 | D:3      | Noticed Terence
  3280 | D:3      | Found a basalt altar of Yredelemnul.
  3284 | D:3      | Found a white marble altar of Elyvilon.
  3286 | D:3      | Found a radiant altar of Vehumet.
  3404 | D:3      | Found an iron altar of Okawaru.
  3532 | D:3      | Killed Terence
  3584 | D:3      | Reached skill level 4 in Unarmed Combat
  3867 | D:4      | Noticed an ogre
  3976 | D:4      | Reached XP level 6. HP: 23/46 MP: 6/10
  4215 | D:4      | Found a staircase to the Ecumenical Temple.
  4283 | D:4      | HP: 2/46 [something/puff of flame (10)]
  5450 | D:4      | Slain by a worker ant

Skill      XL: |  1  2  3  4  5  6 |
---------------+-------------------+-----
Unarmed Combat | 3 4 |  4.5
Dodging        | 2 3 |  3.2
Transmutations | 2 3 |  3.0
Fighting       | 2 |  2.7
Spellcasting   | 3 |  3.2

Action                   |  1- 3 |  4- 6 || total
-------------------------+-------+-------++-------
Melee: Unarmed           |    73 |   307 ||   380
       Headbutt          |     4 |       ||     4
       Punch             |     1 |     4 ||     5
       Kick              |    11 |     1 ||    12
 Cast: Beastly Appendage |    15 |     3 ||    18
       Spider Form       |     1 |    17 ||    18
       Sticks to Snakes  |       |     8 ||     8
  Use: Scroll            |     2 |     4 ||     6
 Stab: Distracted        |       |     1 ||     1
       Sleeping          |       |     2 ||     2
  Eat: Chunk             |     2 |    10 ||    12
       Ration            |       |     2 ||     2
Armor: Robe              |    12 |   108 ||   120
       Skin              |       |     6 ||     6
Dodge: Dodged            |    35 |   221 ||   256
